AoeStats
← 犹豫就会败北

Arena

510345754Analyzed
3v3 RM · 1d ago on Sep 30, 2026· 45m 22s· 6 players
Game mode
Random Map
Map size
Normal (6 player)
Population
200
Speed
Normal
Resources
Standard
Victory
Conquest
Starting age
Dark Age
Ending age
Imperial Age
RankedLock teamsTeams togetherTeam positionsShared explorationLock speedFull tech treeHidden civsTurbo modeCheats
Victory
Defeat
🇦🇷 Khmer · Argentina
1245
+13
🇨🇳 Bohemians · China
1165
+16
🇳🇴 Romans · Norway
1151
+17
🇬🇧 Celts · United Kingdom
1211
-17
🇬🇧 Saxons · United Kingdom
1174
-15
🇬🇧 Spanish · United Kingdom
1144
-14
Happy Pirate
10:26 Feudal Age
12:11 Loom
15:22 Castle Age
13:47 Double-Bit Axe
13:43 Horse Collar
14:15 Gold Mining
15:41 Man-at-Arms
20:52 Long Swordsman
21:32 Arson
28:51 Scale Mail Armor
31:54 Gambesons
33:51 Wheelbarrow
37:54 Chain Mail Armor
38:41 Fortified Wall
42:39 Imperial Age
42:05 Forging
44:16 Plate Mail Armor
44:01 Guard Tower
44:30 Two-Handed Swordsman
Yorku
5:17 Loom
10:51 Feudal Age
15:56 Castle Age
14:00 Horse Collar
14:27 Double-Bit Axe
22:26 Bow Saw
24:01 Squires
24:07 Scale Mail Armor
26:14 Arson
27:21 Heavy Plow
28:27 Fortified Wall
28:30 Forging
31:17 Chain Mail Armor
32:38 Wheelbarrow
35:34 Imperial Age
34:53 Iron Casting
34:22 Gambesons
37:24 Conscription
38:44 Elite Varangian Guard
41:59 Plate Mail Armor
AngryGoose
8:09 Loom
10:25 Feudal Age
15:27 Castle Age
13:31 Double-Bit Axe
13:29 Horse Collar
17:47 Wheelbarrow
18:54 Scale Barding Armor
22:13 Bow Saw
23:27 Heavy Plow
23:40 Husbandry
23:51 Bloodlines
26:26 Gold Mining
27:27 Hand Cart
29:02 Chain Barding Armor
28:53 Forging
30:19 Light Cavalry
35:49 Imperial Age
36:11 Cavalier
36:18 Hussar
38:16 Plate Barding Armor
38:16 Iron Casting
37:35 Fletching
37:46 Padded Archer Armor
39:05 Elite Conquistador
cuaiern
7:00 Loom
9:14 Feudal Age
12:37 Castle Age
27:41 Double-Bit Axe
29:39 Horse Collar
30:12 Bow Saw
37:02 Imperial Age
36:35 Heavy Plow
37:12 Wheelbarrow
37:25 Bloodlines
37:15 Husbandry
36:51 Light Cavalry
37:47 Scale Barding Armor
37:53 Forging
38:01 Town Watch
39:22 Ballistics
39:25 Chain Barding Armor
39:28 Conscription
40:39 Chemistry
40:10 Hand Cart
40:51 Murder Holes
41:08 Siege Engineers
42:00 Plate Barding Armor
43:16 Iron Casting
43:39 Town Patrol
44:49 Double Crossbow
46:06 Blast Furnace
PIGGI A MAND!!!
11:54 Feudal Age
16:27 Castle Age
14:26 Double-Bit Axe
14:24 Horse Collar
18:14 Bow Saw
23:49 Loom
24:03 Gold Mining
25:27 Heavy Plow
29:39 Imperial Age
27:58 Wheelbarrow
27:08 Town Watch
27:32 Squires
28:09 Town Watch
27:48 Pikeman
28:45 Scale Mail Armor
28:53 Stone Mining
30:38 Halberdier
30:50 Halberdier
32:58 Conscription
33:14 Capped Ram
35:54 Crop Rotation
35:37 Forging
35:43 Chain Mail Armor
36:40 Chemistry
36:43 Gold Shaft Mining
36:55 Hand Cart
37:45 Iron Casting
37:18 Scale Barding Armor
38:07 Ballistas
41:43 Heavy Scorpion
犹豫就会败北
2:12 Loom
10:53 Feudal Age
14:53 Castle Age
13:14 Double-Bit Axe
13:33 Horse Collar
23:34 Wheelbarrow
29:09 Imperial Age
27:44 Hand Cart
27:15 Town Watch
27:44 Bow Saw
27:21 Pikeman
28:40 Heavy Plow
29:38 Elite Hussite Wagon
30:38 Conscription
32:01 Chemistry
31:23 Ballistics
30:59 Murder Holes
32:20 Scale Mail Armor
32:11 Fletching
32:32 Forging
34:40 Two-Man Saw
33:41 Bodkin Arrow
34:02 Chain Mail Armor
35:11 Halberdier
35:52 Squires
36:51 Masonry
36:46 Siege Engineers
37:03 Bombard Tower
36:47 Bracer
37:18 Plate Mail Armor
37:23 Iron Casting
38:09 Architecture
38:31 Wagenburg Tactics
38:39 Houfnice
43:14 Town Patrol
Connection lost

Rejoining the realm…

Still unreachable

The connection could not be restored.

Session expired

The server has moved on; the page needs a fresh start.